[Event "Rated Blitz game"]
[Site "?"]
[Date "2021.11.21"]
[Round "?"]
[White "StoreySniper"]
[Black "Abanamatt"]
[Result "0-1"]
[ECO "C42"]
[WhiteElo "2430"]
[BlackElo "2377"]
[PlyCount "44"]
[EventDate "2021.??.??"]
[EventType "blitz"]
[TimeControl "180"]

1. e4 e5 2. Nf3 Nf6 3. Nxe5 d6 4. Nxf7 Kxf7 5. d4 c5 6. dxc5 Nc6 7. Bc4+ Be6 8.
Bxe6+ Kxe6 9. cxd6 Bxd6 10. O-O Qc7 11. f4 Rhd8 12. Qf3 Nd4 13. Qh3+ Kf7 14.
Na3 Bxa3 15. Qxa3 Nxc2 16. Qb3+ Kf8 17. e5 Nxa1 18. Qa3+ Qe7 19. Qxe7+ Kxe7 20.
exf6+ Kxf6 21. b3 Nc2 22. Bb2+ Kf7 {Normal} 0-1

[Event "Rated Blitz game"]
[Site "?"]
[Date "2021.11.20"]
[Round "?"]
[White "Tutisani98"]
[Black "Colmen"]
[Result "0-1"]
[ECO "C42"]
[WhiteElo "2558"]
[BlackElo "2554"]
[PlyCount "92"]
[EventDate "2021.??.??"]
[EventType "blitz"]
[TimeControl "180"]

1. e4 e5 2. Nf3 Nf6 3. Nxe5 d6 4. Nxf7 Kxf7 5. Nc3 c5 6. Bc4+ Be6 7. Bxe6+ Kxe6
8. O-O Nc6 9. f4 Be7 10. d3 Rf8 11. Nd5 Kf7 12. c4 Kg8 13. Be3 Nd4 14. Bxd4
cxd4 15. Qb3 Nxd5 16. cxd5 Qb6 17. Rfc1 Rfc8 18. g3 Qxb3 19. axb3 Rxc1+ 20.
Rxc1 Bd8 21. Kg2 Bb6 22. Kf3 Kf7 23. e5 Ke7 24. Ke4 a5 25. Rc4 Bc5 26. h4 b5
27. Rc1 a4 28. Ra1 g6 29. g4 a3 30. bxa3 Rxa3 31. Rxa3 Bxa3 32. Kxd4 Bb2+ 33.
Ke4 Bc3 34. d4 Bd2 35. f5 Be1 36. h5 gxh5 37. gxh5 Bf2 38. f6+ Kf7 39. Kf5 Bxd4
40. e6+ Kf8 41. h6 Be3 42. e7+ Kf7 43. e8=Q+ Kxe8 44. Ke6 Bf4 45. b4 Bg3 46.
Kf5 Kf7 {Normal} 0-1

[Event "Rated Blitz game"]
[Site "?"]
[Date "2021.11.20"]
[Round "?"]
[White "spidy92"]
[Black "benga77"]
[Result "0-1"]
[ECO "C42"]
[WhiteElo "2690"]
[BlackElo "2538"]
[PlyCount "86"]
[EventDate "2021.??.??"]
[EventType "blitz"]
[TimeControl "180"]

1. e4 e5 2. Nf3 Nf6 3. Nxe5 d6 4. Nxf7 Kxf7 5. d4 c5 6. dxc5 Nc6 7. Bc4+ Be6 8.
Bxe6+ Kxe6 9. O-O dxc5 10. Qe2 Qd4 11. Nc3 Kf7 12. Be3 Qe5 13. Qb5 Rb8 14. f4
Qe6 15. f5 Qe8 16. Bf4 Ne5 17. Qa5 a6 18. Qc7+ Nfd7 19. Rad1 Kg8 20. Rd5 Rc8
21. Qxb7 Rb8 22. Rxe5 Nxe5 23. Qd5+ Nf7 24. Bxb8 Qxb8 25. b3 h5 26. Re1 Bd6 27.
f6 Bxh2+ 28. Kh1 gxf6 29. Qf5 Bg3 30. Qg6+ Kf8 31. Qxf6 Bxe1 32. Nd5 Qg3 33.
Qe7+ Kg7 34. Qf6+ Kg8 35. Ne7+ Kf8 36. Ng6+ Kg8 37. Ne7+ Kh7 38. Ng6 Qxg6 39.
Qxf7+ Qxf7 40. Kh2 Qf1 41. Kh3 Bf2 42. Kh2 Bg1+ 43. Kh1 Rg8 {Time forfeit} 0-1

[Event "Rated Blitz game"]
[Site "?"]
[Date "2021.11.20"]
[Round "?"]
[White "KaptenEvans"]
[Black "Dezzphantom"]
[Result "1-0"]
[ECO "C42"]
[WhiteElo "2381"]
[BlackElo "2483"]
[PlyCount "121"]
[EventDate "2021.??.??"]
[EventType "blitz"]
[TimeControl "180"]

1. e4 e5 2. Nf3 Nf6 3. Nxe5 d6 4. Nxf7 Kxf7 5. d4 g6 6. Nc3 Bg7 7. Bc4+ Be6 8.
Bxe6+ Kxe6 9. O-O Re8 10. f4 Kf7 11. e5 Nfd7 12. f5 Kg8 13. e6 Nf6 14. fxg6
hxg6 15. d5 c6 16. Bg5 Qb6+ 17. Kh1 Nxd5 18. Nxd5 cxd5 19. Qxd5 Qc6 20. Qd3
Rxe6 21. Rae1 d5 22. Qf3 Rxe1 23. Qf7+ Kh7 24. Rxe1 Na6 25. Re7 Rg8 26. Bf6
Qxc2 27. Bc3 Qc1+ 28. Re1 Qg5 29. h3 d4 30. Bxd4 Qf5 31. Qxb7 Qd3 32. Bc3 Nc5
33. Qxa7 Ne4 34. Qe3 Qxe3 35. Rxe3 Nxc3 36. bxc3 Ra8 37. g4 Rxa2 38. c4 Rc2 39.
Re4 Rc1+ 40. Kg2 Rc3 41. h4 Rc2+ 42. Kf3 Rc3+ 43. Ke2 Rh3 44. h5 gxh5 45. gxh5
Rxh5 46. Kd3 Rc5 47. Re3 Rc8 48. Rf3 Rd8+ 49. Kc2 Rc8 50. Kb3 Rc7 51. Kb4 Rb7+
52. Kc5 Re7 53. Kb6 Re8 54. c5 Rc8 55. c6 Bd4+ 56. Kb7 Rg8 57. c7 Be5 58. Re3
Rg7 59. Rxe5 Rxc7+ 60. Kxc7 Kg6 61. Kd6 {Time forfeit} 1-0

[Event "Rated Blitz game"]
[Site "?"]
[Date "2021.11.19"]
[Round "?"]
[White "ninamon"]
[Black "Satsanga"]
[Result "0-1"]
[ECO "C42"]
[WhiteElo "2383"]
[BlackElo "2429"]
[PlyCount "108"]
[EventDate "2021.??.??"]
[EventType "blitz"]
[TimeControl "300"]

1. e4 e5 2. Nf3 Nf6 3. Nxe5 d6 4. Nxf7 Kxf7 5. d4 Be7 6. Nc3 Re8 7. Bc4+ Be6 8.
Bxe6+ Kxe6 9. O-O Kf7 10. f4 Kg8 11. e5 dxe5 12. fxe5 Nd5 13. Ne4 c5 14. c4 Nb6
15. d5 Nxc4 16. d6 Nxe5 17. dxe7 Qxd1 18. Rxd1 Nbc6 19. Nxc5 Rxe7 20. Bg5 Rf7
21. Rac1 h6 22. Bh4 Re8 23. Bg3 b6 24. Nd3 Nxd3 25. Rxd3 Nb4 26. Ra3 Re2 27. b3
Nxa2 28. Rf1 Rxf1+ 29. Kxf1 Rc2 30. Rxa7 Nb4 31. Rb7 Nd5 32. Bf2 Rd2 33. Bxb6
Nf4 34. g3 Nh3 35. Bc7 Rxh2 36. Be5 Rf2+ 37. Ke1 Rf7 38. Rxf7 Kxf7 39. b4 Ng5
40. Ke2 Ne6 41. b5 g5 42. b6 Nd8 43. Kf3 h5 44. Ke4 Ke6 45. Bc7 Nb7 46. Bb8 Nd8
47. Bc7 Nb7 48. Bb8 Nd8 49. Kd4 Nc6+ 50. Kc5 Nxb8 51. b7 h4 52. Kb6 Kd7 53. Ka7
Kc7 54. gxh4 gxh4 {Normal} 0-1

[Event "Rated Rapid game"]
[Site "?"]
[Date "2021.11.19"]
[Round "?"]
[White "RusChessCoach"]
[Black "stavasoli"]
[Result "1-0"]
[ECO "C42"]
[WhiteElo "2636"]
[BlackElo "2232"]
[PlyCount "39"]
[EventDate "2021.??.??"]
[EventType "rapid"]
[TimeControl "480"]

1. e4 e5 2. Nf3 Nf6 3. Nxe5 d6 4. Nxf7 Kxf7 5. d4 g6 6. Nc3 c6 7. Bc4+ Kg7 8.
O-O d5 9. Bb3 Bb4 10. e5 Bxc3 11. exf6+ Qxf6 12. bxc3 Nd7 13. Re1 Nb6 14. a4 a5
15. Ba3 Be6 16. Re3 Nc4 17. Bxc4 dxc4 18. Qd2 Rae8 19. Rae1 Bd7 20. Re7+ {
Normal} 1-0

[Event "Rated Blitz game"]
[Site "?"]
[Date "2021.11.19"]
[Round "?"]
[White "FunkyChess"]
[Black "likewater"]
[Result "1-0"]
[ECO "C42"]
[WhiteElo "2626"]
[BlackElo "2624"]
[PlyCount "31"]
[EventDate "2021.??.??"]
[EventType "blitz"]
[TimeControl "180"]

1. e4 e5 2. Nf3 Nf6 3. Nxe5 d6 4. Nxf7 Kxf7 5. d4 c5 6. Nc3 cxd4 7. Bc4+ Be6 8.
Bxe6+ Kxe6 9. Qxd4 Nc6 10. Qc4+ Kd7 11. Bf4 Qa5 12. O-O-O Be7 13. Qf7 Ne5 14.
Rxd6+ Kxd6 15. Rd1+ Kc6 16. Qe6+ {Normal} 1-0

[Event "Rated Blitz game"]
[Site "?"]
[Date "2021.11.18"]
[Round "?"]
[White "Roberto_Baggio1978"]
[Black "YaYestGrut"]
[Result "1-0"]
[ECO "C42"]
[WhiteElo "2621"]
[BlackElo "2564"]
[PlyCount "65"]
[EventDate "2021.??.??"]
[EventType "blitz"]
[TimeControl "180"]

1. e4 e5 2. Nf3 Nf6 3. Nxe5 d6 4. Nxf7 Kxf7 5. d4 c5 6. Bc4+ d5 7. exd5 b5 8.
Bxb5 Qxd5 9. Nc3 Qxg2 10. Bc4+ Kg6 11. Rf1 Bg4 12. Qd3+ Bf5 13. Qe3 cxd4 14.
Qxd4 Nc6 15. Qh4 Re8+ 16. Be3 Bxc2 17. Kd2 Be4 18. Rg1 Rd8+ 19. Nd5 Bb4+ 20.
Ke2 Bf3+ 21. Kd3 Ne5+ 22. Kd4 Nc6+ 23. Kd3 Ne5+ 24. Kc2 Nxc4 25. Rxg2+ Bxg2 26.
Nxf6 Nxe3+ 27. fxe3 gxf6 28. Qxb4 Rc8+ 29. Kd2 Rhd8+ 30. Ke1 Bd5 31. Rd1 f5 32.
Qe7 Be4 33. Rxd8 {Normal} 1-0

[Event "Rated Blitz game"]
[Site "?"]
[Date "2021.11.18"]
[Round "?"]
[White "skintipanikendiseyok"]
[Black "Gladys_Ponsonby26"]
[Result "1-0"]
[ECO "C42"]
[WhiteElo "2411"]
[BlackElo "2384"]
[PlyCount "55"]
[EventDate "2021.??.??"]
[EventType "blitz"]
[TimeControl "180"]

1. e4 e5 2. Nf3 Nf6 3. Nxe5 d6 4. Nxf7 Kxf7 5. Bc4+ Be6 6. Bxe6+ Kxe6 7. O-O
Kf7 8. Nc3 c5 9. f4 Ke8 10. e5 dxe5 11. fxe5 Qd4+ 12. Kh1 Ng4 13. e6 Bd6 14.
Nb5 Nf2+ 15. Rxf2 Qxf2 16. Nxd6+ Ke7 17. Ne4 Qf5 18. d3 Rf8 19. Bg5+ Kxe6 20.
Qe2 Qe5 21. Qg4+ Kd5 22. Nc3+ Kc6 23. Qa4+ b5 24. Qxb5+ Kd6 25. Ne4+ Kc7 26.
Qa5+ Kc6 27. Bh4 Nd7 28. Qa4+ {Normal} 1-0

[Event "Rated Blitz game"]
[Site "?"]
[Date "2021.11.18"]
[Round "?"]
[White "DanielFCastro"]
[Black "juanraguilera"]
[Result "1-0"]
[ECO "C42"]
[WhiteElo "2476"]
[BlackElo "2354"]
[PlyCount "101"]
[EventDate "2021.??.??"]
[EventType "blitz"]
[TimeControl "180"]

1. e4 e5 2. Nf3 Nf6 3. Nxe5 d6 4. Nxf7 Kxf7 5. d4 c5 6. Nc3 cxd4 7. Qxd4 Be6 8.
Bc4 Qc8 9. Bxe6+ Qxe6 10. O-O Nc6 11. Qd3 Re8 12. f3 g6 13. Qb5 Qd7 14. Bf4 Be7
15. Rad1 Nh5 16. Bh6 Ne5 17. Qb3+ Qe6 18. Qxb7 Rb8 19. Qxa7 Rxb2 20. Nd5 Re8
21. Bg5 Nc6 22. Qa3 Rxc2 23. Bxe7 Nxe7 24. Nxe7 Rxe7 25. Rxd6 Qxa2 26. Qxa2+
Rxa2 27. Rfd1 Nf4 28. R6d2 Rxd2 29. Rxd2 g5 30. g3 Ne6 31. Kf2 Rc7 32. Ke3 Rc3+
33. Rd3 Rxd3+ 34. Kxd3 Kf6 35. Ke3 Ke5 36. h3 h5 37. h4 gxh4 38. f4+ Kf6 39.
gxh4 Ng7 40. Kd4 Ke6 41. Kd3 Ne8 42. Kc4 Nd6+ 43. Kd4 Ne8 44. f5+ Kf6 45. Kd5
Ng7 46. Kd4 Nxf5+ 47. Kd3 Nxh4 48. Ke3 Ke5 49. Kd3 Ng6 50. Ke3 Nf4 51. Kf3 {
Time forfeit} 1-0

[Event "Rated Blitz game"]
[Site "?"]
[Date "2021.11.18"]
[Round "?"]
[White "Queribus"]
[Black "ARGENT_FACILE"]
[Result "0-1"]
[ECO "C42"]
[WhiteElo "2417"]
[BlackElo "2421"]
[PlyCount "54"]
[EventDate "2021.??.??"]
[EventType "blitz"]
[TimeControl "180"]

1. e4 e5 2. Nf3 Nf6 3. Nxe5 d6 4. Nxf7 Kxf7 5. Nc3 c5 6. Bc4+ Be6 7. Qe2 Nc6 8.
O-O Qd7 9. Nd5 Bxd5 10. exd5 Nd4 11. Qd1 b5 12. Be2 Nxe2+ 13. Qxe2 Re8 14. Qf3
Qg4 15. Qxg4 Nxg4 16. h3 Nf6 17. d4 Nxd5 18. dxc5 dxc5 19. Rd1 Nf6 20. Be3 Be7
21. g4 Rd8 22. Re1 Rhe8 23. b3 Nd5 24. Rad1 Nxe3 25. fxe3 Bg5 26. Rxd8 Rxd8 27.
Kf2 Bh4+ {Normal} 0-1

[Event "Rated Blitz game"]
[Site "?"]
[Date "2021.11.18"]
[Round "?"]
[White "RatzFatzWeg"]
[Black "MatiasLap"]
[Result "1-0"]
[ECO "C42"]
[WhiteElo "2557"]
[BlackElo "2399"]
[PlyCount "45"]
[EventDate "2021.??.??"]
[EventType "blitz"]
[TimeControl "180+2"]

1. e4 e5 2. Nf3 Nf6 3. Nxe5 d6 4. Nxf7 Kxf7 5. Nc3 c6 6. d4 Be7 7. Bd3 Re8 8.
O-O Kg8 9. e5 Nfd7 10. f4 Nf8 11. Kh1 Nbd7 12. Ne4 Nb6 13. Bd2 Bf5 14. g4 Bxe4+
15. Bxe4 dxe5 16. dxe5 Kh8 17. Qe2 Ne6 18. Rad1 Qc7 19. g5 Rad8 20. Qh5 Nf8 21.
Bxh7 Qd7 22. Bf5+ Kg8 23. Bxd7 {Normal} 1-0

[Event "Rated Blitz game"]
[Site "?"]
[Date "2021.11.18"]
[Round "?"]
[White "cgritsch"]
[Black "BAKARY1982"]
[Result "1-0"]
[ECO "C42"]
[WhiteElo "2258"]
[BlackElo "2438"]
[PlyCount "53"]
[EventDate "2021.??.??"]
[EventType "blitz"]
[TimeControl "180+2"]

1. e4 e5 2. Nf3 Nf6 3. Nxe5 d6 4. Nxf7 Kxf7 5. d4 Be7 6. Bc4+ Kf8 7. Nc3 c6 8.
Qf3 Bg4 9. Qf4 Bh5 10. e5 dxe5 11. dxe5 Bb4 12. O-O Bxc3 13. bxc3 Nbd7 14. Ba3+
c5 15. exf6 Qxf6 16. Qc7 Be8 17. Rfe1 Rd8 18. Bxc5+ Nxc5 19. Qxc5+ Qd6 20. Qxa7
Bc6 21. Qa5 g6 22. h4 Kg7 23. Rad1 Qxd1 24. Qe5+ Kh6 25. Rxd1 Rxd1+ 26. Kh2 Rf8
27. Qg5+ {Normal} 1-0

[Event "Rated Blitz game"]
[Site "?"]
[Date "2021.11.17"]
[Round "?"]
[White "hagr135"]
[Black "addkimzy"]
[Result "1-0"]
[ECO "C42"]
[WhiteElo "2402"]
[BlackElo "2426"]
[PlyCount "57"]
[EventDate "2021.??.??"]
[EventType "blitz"]
[TimeControl "180"]

1. e4 e5 2. Nf3 Nf6 3. Nxe5 d6 4. Nxf7 Kxf7 5. d4 d5 6. e5 Ne4 7. Nc3 c5 8.
Nxe4 dxe4 9. Bc4+ Ke8 10. d5 Qh4 11. g3 Qg4 12. Be2 Qh3 13. c4 Nd7 14. Qa4 Kd8
15. e6 Nb6 16. Qc2 Qg2 17. Rf1 Bd6 18. Be3 h6 19. O-O-O Ke7 20. b4 cxb4 21. c5
Be5 22. Rg1 b3 23. axb3 Qh3 24. Qxe4 Bxe6 25. Qxe5 Nxd5 26. Rxd5 Rhd8 27. Bc4
Qf5 28. Qxf5 Bxf5 29. Rxf5 {Normal} 1-0

[Event "Rated Blitz game"]
[Site "?"]
[Date "2021.11.17"]
[Round "?"]
[White "amibolchije"]
[Black "Mindworm"]
[Result "1-0"]
[ECO "C42"]
[WhiteElo "2482"]
[BlackElo "2348"]
[PlyCount "49"]
[EventDate "2021.??.??"]
[EventType "blitz"]
[TimeControl "180+2"]

1. e4 e5 2. Nf3 Nf6 3. Nxe5 d6 4. Nxf7 Kxf7 5. Nc3 c5 6. Bc4+ Ke8 7. d3 Bg4 8.
f3 Bh5 9. O-O Nc6 10. g4 Bf7 11. Bxf7+ Kxf7 12. g5 Nd7 13. f4 Be7 14. f5 Bxg5
15. Qh5+ Kg8 16. Bxg5 Nf6 17. Qh3 h6 18. Bh4 Qf8 19. Kh1 Kh7 20. Rg1 Rg8 21.
Rg2 Ne5 22. Rag1 Qf7 23. Rg6 Kh8 24. Bxf6 Nxg6 25. Qxh6# {Normal} 1-0

[Event "Rated Blitz game"]
[Site "?"]
[Date "2021.11.17"]
[Round "?"]
[White "hagr135"]
[Black "addkimzy"]
[Result "0-1"]
[ECO "C42"]
[WhiteElo "2403"]
[BlackElo "2426"]
[PlyCount "90"]
[EventDate "2021.??.??"]
[EventType "blitz"]
[TimeControl "180"]

1. e4 e5 2. Nf3 Nf6 3. Nxe5 d6 4. Nxf7 Kxf7 5. d4 Be7 6. Nc3 Rf8 7. Bc4+ Be6 8.
d5 Bc8 9. e5 Ne8 10. e6+ Kg8 11. Be3 c6 12. Bb3 Nf6 13. f4 cxd5 14. Nxd5 Nxd5
15. Bxd5 Qa5+ 16. c3 Nc6 17. O-O Rf5 18. c4 Nd8 19. a3 Bxe6 20. b4 Qc7 21. g4
Rf8 22. f5 Bxd5 23. Qxd5+ Kh8 24. g5 Qc6 25. Qd3 Rc8 26. Rac1 Qd7 27. Rf3 Nc6
28. Qe4 Ne5 29. Rf2 Qc6 30. Qxc6 Rxc6 31. c5 dxc5 32. bxc5 Nd3 33. f6 gxf6 34.
gxf6 Bxf6 35. Rxf6 Rcxf6 36. Rd1 Ne5 37. Bd4 Nf3+ 38. Kg2 Nxd4 39. Rxd4 Rf2+
40. Kg3 Ra2 41. Kg4 Rxa3 42. h4 Rc3 43. Rd5 Rg8+ 44. Kh5 Rc8 45. Kh6 R3xc5 {
Time forfeit} 0-1

[Event "Rated Blitz game"]
[Site "?"]
[Date "2021.11.17"]
[Round "?"]
[White "hagr135"]
[Black "addkimzy"]
[Result "1-0"]
[ECO "C42"]
[WhiteElo "2401"]
[BlackElo "2427"]
[PlyCount "69"]
[EventDate "2021.??.??"]
[EventType "blitz"]
[TimeControl "180"]

1. e4 e5 2. Nf3 Nf6 3. Nxe5 d6 4. Nxf7 Kxf7 5. d4 d5 6. e5 Ne4 7. Bd3 c5 8. c4
cxd4 9. cxd5 Bb4+ 10. Nd2 Nxd2 11. Bxd2 Bxd2+ 12. Qxd2 Qxd5 13. Qe2 Be6 14. O-O
Re8 15. Be4 Qd7 16. Qf3+ Kg8 17. Bxb7 Rf8 18. Qe4 Bf5 19. Qd5+ Be6 20. Qe4 Bf5
21. Qd5+ Be6 22. Qxd7 Nxd7 23. Bxa8 Rxa8 24. Rfd1 Bf5 25. Rxd4 Nxe5 26. Rd5 Re8
27. f4 Nf3+ 28. gxf3 Bh3 29. Kf2 Rc8 30. Re1 Rc2+ 31. Re2 Rc1 32. Re7 Kf8 33.
Rxa7 Rc2+ 34. Kg3 Be6 35. Rd8# {Normal} 1-0

[Event "Rated Blitz game"]
[Site "?"]
[Date "2021.11.17"]
[Round "?"]
[White "Proteuo"]
[Black "BezMozga"]
[Result "0-1"]
[ECO "C42"]
[WhiteElo "2542"]
[BlackElo "2548"]
[PlyCount "82"]
[EventDate "2021.??.??"]
[EventType "blitz"]
[TimeControl "180"]

1. e4 e5 2. Nf3 Nf6 3. Nxe5 d6 4. Nxf7 Kxf7 5. Nc3 c6 6. d4 Be7 7. Bc4+ d5 8.
Bb3 Re8 9. e5 Nfd7 10. Nxd5 cxd5 11. Bxd5+ Kf8 12. Qf3+ Nf6 13. exf6 Bxf6+ 14.
Be3 Bg4 15. Qxg4 Qxd5 16. O-O Nc6 17. c3 Rad8 18. a3 Kg8 19. Rfe1 Na5 20. Rad1
Nc4 21. Bc1 b5 22. Re2 Rxe2 23. Qxe2 a5 24. Re1 a4 25. h3 Kf7 26. Bf4 Qd7 27.
Rd1 Qd5 28. Re1 h6 29. Bc7 Rc8 30. Bf4 Qd7 31. Rd1 Nb6 32. d5 Nc4 33. d6 Re8
34. Qh5+ Kg8 35. Qd5+ Kh8 36. Bg3 Be5 37. Bxe5 Rxe5 38. Qa8+ Kh7 39. Qa6 Re6
40. Rd4 Rxd6 41. Rxd6 Nxd6 {Normal} 0-1

[Event "Rated Blitz game"]
[Site "?"]
[Date "2021.11.16"]
[Round "?"]
[White "CarlsenCamacho"]
[Black "MH_BKD"]
[Result "0-1"]
[ECO "C42"]
[WhiteElo "2401"]
[BlackElo "2407"]
[PlyCount "50"]
[EventDate "2021.??.??"]
[EventType "blitz"]
[TimeControl "180"]

1. e4 e5 2. Nf3 Nf6 3. Nxe5 d6 4. Nxf7 Kxf7 5. Bc4+ Be6 6. Bxe6+ Kxe6 7. Nc3
Be7 8. O-O Rf8 9. f4 Kf7 10. e5 dxe5 11. fxe5 Qd4+ 12. Kh1 Qxe5 13. d4 Qa5 14.
Qf3 Kg8 15. Qxb7 Na6 16. a3 Ng4 17. Bd2 Qb6 18. Qe4 Nf2+ 19. Rxf2 Rxf2 20.
Qxa8+ Rf8 21. Qd5+ Kh8 22. b4 Rd8 23. Qe4 Qxd4 24. Qxe7 Qxd2 25. Ne4 Qd1+ {
Normal} 0-1

[Event "Rated Blitz game"]
[Site "?"]
[Date "2021.11.16"]
[Round "?"]
[White "jflup"]
[Black "playingonthephone6"]
[Result "1-0"]
[ECO "C42"]
[WhiteElo "2553"]
[BlackElo "2462"]
[PlyCount "75"]
[EventDate "2021.??.??"]
[EventType "blitz"]
[TimeControl "180"]

1. e4 e5 2. Nf3 Nf6 3. Nxe5 d6 4. Nxf7 Kxf7 5. d4 c5 6. dxc5 Nc6 7. Nc3 dxc5 8.
Bc4+ Be6 9. Bxe6+ Kxe6 10. Qe2 Nd4 11. Qc4+ Kd7 12. O-O Be7 13. Be3 Qg8 14.
Qa4+ Nc6 15. Rad1+ Kc8 16. Nd5 Qe6 17. Rfe1 Re8 18. Bg5 Qg4 19. Bxf6 Bxf6 20.
f3 Qe6 21. c3 g5 22. Qb5 Be7 23. Qa4 h5 24. Nb6+ axb6 25. Qxa8+ Nb8 26. Rd5 Bd6
27. Red1 Bc7 28. Qa4 Nc6 29. b4 h4 30. b5 Nb8 31. Qb3 Qf6 32. Rf5 Qg6 33. h3
Qg8 34. Rdd5 Qg6 35. Qd1 Qe6 36. c4 Qe7 37. Rf7 Rd8 38. Rxd8+ {Time forfeit}
1-0

[Event "Rated Blitz game"]
[Site "?"]
[Date "2021.11.16"]
[Round "?"]
[White "GrandeGila"]
[Black "playingonthephone6"]
[Result "0-1"]
[ECO "C42"]
[WhiteElo "2469"]
[BlackElo "2463"]
[PlyCount "87"]
[EventDate "2021.??.??"]
[EventType "blitz"]
[TimeControl "180"]

1. e4 e5 2. Nf3 Nf6 3. Nxe5 d6 4. Nxf7 Kxf7 5. Bc4+ Be6 6. Bxe6+ Kxe6 7. d4 Kd7
8. O-O Nc6 9. Re1 Kc8 10. Bg5 Be7 11. Nc3 Re8 12. d5 Ne5 13. Nb5 Nf7 14. Be3 a6
15. Nd4 Qd7 16. Ne6 Nxe4 17. Nxg7 Rg8 18. Ne6 Ne5 19. Kh1 Ng4 20. Qf3 Nef6 21.
h3 Ne5 22. Qf5 Nxd5 23. Bd4 Rg6 24. Bxe5 Rxe6 25. Qxh7 dxe5 26. Rad1 b5 27. b3
b4 28. Qe4 c6 29. Rd3 Kb7 30. a3 a5 31. Red1 Rd8 32. c3 bxc3 33. Rxc3 Qc7 34.
Rcd3 Bxa3 35. Qc4 Bb4 36. f4 e4 37. Rd4 e3 38. Re4 Rxe4 39. Qxe4 Qe7 40. Qf3 e2
41. Rxd5 e1=Q+ 42. Kh2 cxd5 43. Qxd5+ Rxd5 44. f5 {Normal} 0-1

[Event "Rated Blitz game"]
[Site "?"]
[Date "2021.11.15"]
[Round "?"]
[White "KK042"]
[Black "Colmen"]
[Result "0-1"]
[ECO "C42"]
[WhiteElo "2568"]
[BlackElo "2567"]
[PlyCount "28"]
[EventDate "2021.??.??"]
[EventType "blitz"]
[TimeControl "180"]

1. e4 e5 2. Nf3 Nf6 3. Nxe5 d6 4. Nxf7 Kxf7 5. Nc3 c5 6. Bc4+ Be6 7. Qe2 Nc6 8.
O-O Qd7 9. f4 Bxc4 10. Qxc4+ Qe6 11. Qd3 Re8 12. f5 Qe5 13. Qc4+ d5 14. exd5
Qd4+ {Time forfeit} 0-1

[Event "Rated Blitz game"]
[Site "?"]
[Date "2021.11.15"]
[Round "?"]
[White "zwaanggg"]
[Black "addkimzy"]
[Result "0-1"]
[ECO "C42"]
[WhiteElo "2407"]
[BlackElo "2385"]
[PlyCount "44"]
[EventDate "2021.??.??"]
[EventType "blitz"]
[TimeControl "180"]

1. e4 e5 2. Nf3 Nf6 3. Nxe5 d6 4. Nxf7 Kxf7 5. d4 d5 6. e5 Ne4 7. Bd3 c5 8.
Bxe4 dxe4 9. d5 Bf5 10. O-O Kg8 11. f3 Nd7 12. fxe4 Bxe4 13. Bf4 h5 14. Nc3 Bg6
15. Qd2 Qb6 16. e6 Nf6 17. d6 Kh7 18. e7 Bxe7 19. dxe7 Rhe8 20. Bg5 Rxe7 21.
Bxf6 gxf6 22. Rxf6 Qxf6 {Normal} 0-1

[Event "Rated Blitz game"]
[Site "?"]
[Date "2021.11.14"]
[Round "?"]
[White "YEIKOCASTELLA"]
[Black "pulchrum-oculis"]
[Result "0-1"]
[ECO "C42"]
[WhiteElo "2486"]
[BlackElo "2400"]
[PlyCount "62"]
[EventDate "2021.??.??"]
[EventType "blitz"]
[TimeControl "180"]

1. e4 e5 2. Nf3 Nf6 3. Nxe5 d6 4. Nxf7 Kxf7 5. d4 c5 6. dxc5 Be6 7. Nc3 Nc6 8.
cxd6 Bxd6 9. Bd3 Re8 10. O-O Kg8 11. h3 Nb4 12. f4 Bc5+ 13. Kh2 Qc7 14. a3 Nxd3
15. cxd3 Rad8 16. g3 Bd4 17. f5 Bf7 18. Bf4 Qb6 19. Qc2 Bb3 20. Qe2 Nd5 21.
Nxd5 Bxd5 22. Rac1 Bf7 23. b4 Qb5 24. Rc7 Bb6 25. Rxf7 Kxf7 26. e5 Qxd3 27. e6+
Kg8 28. Qh5 Re7 29. Re1 g6 30. Qh4 Rde8 31. Bg5 Qxf5 {Normal} 0-1

[Event "Rated Blitz game"]
[Site "?"]
[Date "2021.11.14"]
[Round "?"]
[White "fjruizcasado"]
[Black "keerm"]
[Result "0-1"]
[ECO "C42"]
[WhiteElo "2322"]
[BlackElo "2400"]
[PlyCount "78"]
[EventDate "2021.??.??"]
[EventType "blitz"]
[TimeControl "180+2"]

1. e4 e5 2. Nf3 Nf6 3. Nxe5 d6 4. Nxf7 Kxf7 5. Nc3 c5 6. Bc4+ Be6 7. Bxe6+ Kxe6
8. O-O Nc6 9. d3 Kf7 10. f4 d5 11. e5 d4 12. Ne4 Nxe4 13. dxe4 Be7 14. e6+ Kxe6
15. Qg4+ Kf7 16. Qf5+ Ke8 17. Bd2 Qd7 18. Qh5+ Kd8 19. Rae1 Kc7 20. e5 g6 21.
Qe2 Qe6 22. c3 Rad8 23. Qb5 a6 24. Qa4 Kb8 25. cxd4 Rxd4 26. Qc2 Rhd8 27. Bc3
Rd3 28. Qe2 h5 29. Kh1 c4 30. a3 Nd4 31. Qe4 Nf5 32. Ba5 R8d4 33. Qe2 h4 34.
Bc3 Rd8 35. Qe4 Bc5 36. Rf3 Ng3+ 37. hxg3 hxg3 38. Rxg3 Rxg3 39. Re3 Rh8+ {
Normal} 0-1

[Event "Rated Blitz game"]
[Site "?"]
[Date "2021.11.14"]
[Round "?"]
[White "Dmitry_Gritsenko"]
[Black "Accjgm980523"]
[Result "1-0"]
[ECO "C42"]
[WhiteElo "2562"]
[BlackElo "2535"]
[PlyCount "63"]
[EventDate "2021.??.??"]
[EventType "blitz"]
[TimeControl "180"]

1. e4 e5 2. Nf3 Nf6 3. Nxe5 d6 4. Nxf7 Kxf7 5. d4 c5 6. Nc3 cxd4 7. Bc4+ Be6 8.
Bxe6+ Kxe6 9. Qxd4 Nc6 10. Qc4+ Kd7 11. Bf4 Qa5 12. O-O-O Be7 13. Rhe1 Ne5 14.
Bxe5 Qxe5 15. g3 Rhc8 16. Qa4+ Kc7 17. f4 Qc5 18. e5 dxe5 19. fxe5 Ng8 20. Rd5
Qf2 21. Red1 Kb8 22. Rd7 a6 23. Nd5 Bg5+ 24. Kb1 Qe2 25. Nb6 Ka7 26. Nxa8 Kxa8
27. a3 Ne7 28. h4 Be3 29. Qb4 Qxc2+ 30. Ka1 Rb8 31. Qxe7 Rc8 32. Qb4 {Normal}
1-0

[Event "Rated Blitz tournament gC6uzu0p"]
[Site "?"]
[Date "2021.11.14"]
[Round "?"]
[White "LokyTheGreat"]
[Black "Abanamatt"]
[Result "0-1"]
[ECO "C42"]
[WhiteElo "2408"]
[BlackElo "2404"]
[PlyCount "80"]
[EventDate "2021.??.??"]
[EventType "blitz"]
[TimeControl "180"]

1. e4 e5 2. Nf3 Nf6 3. Nxe5 d6 4. Nxf7 Kxf7 5. d4 c5 6. dxc5 Nc6 7. cxd6 Qxd6
8. Bc4+ Be6 9. Bxe6+ Qxe6 10. O-O Qxe4 11. Nc3 Qf5 12. Qe2 Re8 13. Qc4+ Qe6 14.
Qb5 Qc8 15. Bg5 Nd4 16. Qa5 Nc6 17. Qa4 Qf5 18. Bxf6 Kxf6 19. Rfe1 Bc5 20. Qh4+
Kf7 21. Ne4 h6 22. Rad1 Re5 23. Nxc5 Rxc5 24. Re3 Kg6 25. Rd6+ Kh7 26. h3 Rxc2
27. Rf3 Qe5 28. Rd1 Re2 29. Qc4 Re8 30. Qf7 Re1+ 31. Rxe1 Qxe1+ 32. Kh2 Qe5+
33. g3 Qe7 34. Qf5+ Kg8 35. Qd5+ Qe6 36. Qd3 Re7 37. Re3 Qf6 38. Qb3+ Kh7 39.
Qd3+ Qg6 40. Qe2 Rf7 {Time forfeit} 0-1

[Event "Rated Blitz game"]
[Site "?"]
[Date "2021.11.14"]
[Round "?"]
[White "marinoacid"]
[Black "Satsanga"]
[Result "0-1"]
[ECO "C42"]
[WhiteElo "2383"]
[BlackElo "2422"]
[PlyCount "90"]
[EventDate "2021.??.??"]
[EventType "blitz"]
[TimeControl "300"]

1. e4 e5 2. Nf3 Nf6 3. Nxe5 d6 4. Nxf7 Kxf7 5. Bc4+ Be6 6. Qe2 d5 7. exd5 Bxd5
8. Nc3 c6 9. O-O Bb4 10. Nxd5 cxd5 11. Bb3 Nc6 12. c3 Bd6 13. d4 Re8 14. Qf3
Bc7 15. Bg5 Qd6 16. g3 Ne7 17. Rfe1 Rad8 18. Re2 h6 19. Bf4 Qd7 20. Be5 Ng6 21.
Bxf6 gxf6 22. Rxe8 Qxe8 23. Bxd5+ Kg7 24. Bxb7 f5 25. Qd3 f4 26. Be4 fxg3 27.
hxg3 Rd6 28. Re1 Re6 29. Re3 Nf8 30. d5 Rf6 31. c4 Nd7 32. b4 Ne5 33. Qe2 Qf8
34. f4 Nf7 35. c5 a5 36. a3 axb4 37. axb4 Qb8 38. Qb2 h5 39. d6 Nxd6 40. cxd6
Bb6 41. Kf2 Qxd6 42. Kf3 Bxe3 43. Kxe3 h4 44. Qe5 hxg3 45. Kf3 Qxe5 {Time
forfeit} 0-1

[Event "Rated Blitz game"]
[Site "?"]
[Date "2021.11.14"]
[Round "?"]
[White "Dmitry_Gritsenko"]
[Black "Accjgm980523"]
[Result "1/2-1/2"]
[ECO "C42"]
[WhiteElo "2561"]
[BlackElo "2536"]
[PlyCount "83"]
[EventDate "2021.??.??"]
[EventType "blitz"]
[TimeControl "180"]

1. e4 e5 2. Nf3 Nf6 3. Nxe5 d6 4. Nxf7 Kxf7 5. d4 c5 6. Nc3 cxd4 7. Bc4+ Be6 8.
Bxe6+ Kxe6 9. Qxd4 Nc6 10. Qc4+ Kd7 11. Bf4 Qa5 12. O-O-O Ne5 13. Qb3 Kc8 14.
Nb5 a6 15. Nxd6+ Bxd6 16. Rxd6 Re8 17. Rhd1 Nxe4 18. R6d5 Nc5 19. Qh3+ Kb8 20.
Bxe5+ Rxe5 21. Rxe5 Nb3+ 22. axb3 Qxe5 23. Rd8+ Ka7 24. Rxa8+ Kxa8 25. Qc8+ Ka7
26. Qc3 Qxh2 27. Qe3+ Ka8 28. g3 Qh1+ 29. Kd2 Qd5+ 30. Qd3 Qg5+ 31. Ke2 h5 32.
b4 Qe5+ 33. Kd1 Qxb2 34. Qc4 Qa1+ 35. Kd2 Qe5 36. c3 g5 37. Qc8+ Ka7 38. Qc4
Qd6+ 39. Kc2 Qe5 40. Kd2 Kb8 41. Qg8+ Ka7 42. Qc4 {Normal} 1/2-1/2